 Dungeon Crawl Stone Soup version 0.26.1-2-gb8aa6d0cf2 (webtiles) character file.

Game seed: 14683033098975806565

2305 jlumianski the Cutter (level 9, -1/58 HPs)
             Began as a Halfling Fighter on Feb 10, 2021.
             Was a Follower of Makhleb.
             Slain by a hornet (13 damage)
             ... on level 6 of the Dungeon.
             The game lasted 00:41:52 (8843 turns).

jlumianski the Cutter (Halfling Fighter)            Turns: 8843, Time: 00:41:53

Health: -1/58      AC: 10    Str: 19    XL:     9   Next: 68%
Magic:  11/11      EV: 12    Int:  6    God:    Makhleb [*.....]
Gold:   3          SH: 12    Dex: 15    Spells: 8/8 levels left

rFire    . . .     SeeInvis .   M - +6 rapier (vamp)
rCold    + . .     Faith    .   c - +1 kite shield
rNeg     . . .     Spirit   .   G - +2 scale mail {rC+}
rPois    .         Reflect  .   r - +1 hat
rElec    .         Harm     .   t - scarf {repulsion}
rCorr    .         Rampage  .   (no gloves)
Will     +....                  (no boots)
Stlth    +.........             (no amulet)
HPRegen  0.19/turn              m - ring of willpower
MPRegen  0.12/turn              (no ring)

@: lethally poisoned (-1 -> -5), slowed, repel missiles, very slow
A: small, mutation resistance 1
a: Renounce Religion


You were on level 6 of the Dungeon.
You worshipped Makhleb.
Makhleb was aware of your devotion.
You visited 2 branches of the dungeon, and saw 8 of its levels.

You collected 308 gold pieces.
You spent 305 gold pieces at shops.

Inventory:

Hand Weapons
 a - a +1 war axe
 j - a +0 short sword of protection
 s - a +0 hunting sling
 M - a +6 vampiric rapier (weapon)
Missiles
 e - 137 stones (quivered)
 g - 18 boomerangs
 l - 30 sling bullets
 H - 9 poisoned darts
 J - 7 javelins
 L - 6 silver javelins
Armour
 b - a +0 scale mail
 c - a +1 kite shield (worn)
 n - a +0 hat
 r - a +1 hat (worn)
 t - a scarf of repulsion (worn)
 E - a +0 chain mail
 G - a +2 scale mail of cold resistance (worn)
Jewellery
 f - an uncursed ring of teleportation
 m - a ring of willpower (left hand)
 u - a -4 ring of protection
 F - an uncursed amulet of guardian spirit {unknown}
Wands
 q - a wand of enslavement (9)
Scrolls
 h - 2 scrolls of enchant weapon
 i - 3 scrolls of magic mapping
 k - a scroll of identify
 o - a scroll of enchant armour
 p - a scroll of teleportation
 v - a scroll of fog {unknown}
 x - a scroll of summoning {unknown}
 y - a scroll of random uselessness {unknown}
 I - a scroll of remove curse
Potions
 d - 2 potions of might
 w - a potion of haste {unknown}
 z - a potion of brilliance {unknown}
 A - a potion of attraction
 B - 4 potions of curing
 C - a potion of heal wounds
 D - a potion of ambrosia {unknown}
 K - a potion of magic {unknown}


   Skills:
 + Level 4.1 Fighting
 + Level 6.8 Short Blades
 + Level 2.4 Axes
 + Level 5.3(5.5) Slings
 + Level 1.3(2.7) Throwing
 + Level 5.8 Armour
 + Level 3.5 Dodging
 * Level 4.2 Stealth
 + Level 6.3 Shields
 * Level 3.4 Invocations


You had 8 spell levels left.
You didn't know any spells.
Your spell library contained the following spells:

 Spells                   Type           Power        Failure   Level
 Foxfire                  Conj/Fire      0%           99%         1
 Magic Dart               Conj           0%           99%         1
 Searing Ray              Conj           0%           100%        2
 Dazzling Flash           Conj/Hex       0%           100%        3
 Stone Arrow              Conj/Erth      0%           100%        3
 Fulminant Prism          Conj/Hex       0%           100%        4
 Iskenderun's Mystic Bla  Conj/Tloc      0%           100%        4
 Lightning Bolt           Conj/Air       0%           100%        5
 Freezing Cloud           Conj/Ice/Air   0%           100%        6


Dungeon Overview and Level Annotations

Branches:
Dungeon (7/15)             Temple (1/1) D:6

Altars:
Elyvilon
Fedhas
Hepliaklqana
Makhleb
Qazlal
Ru
Sif Muna
Uskayaw
Yredelemnul

Shops:
D:4 (   D:5 !


Innate Abilities, Weirdness & Mutations

You are small and have problems with some larger weapons.
You are somewhat resistant to further mutation.


Message History

You block the hornet's attack.
You hit the hornet but do no damage.
The hornet is heavily wounded.
You feel sick. You block the hornet's attack. The hornet closely misses you.
You barely miss the hornet.
The hornet is heavily wounded.
You feel yourself speed up.
You feel sick. The hornet barely misses you. You block the hornet's attack. x2
You barely miss the hornet.
The hornet is heavily wounded.
You feel sick. The hornet stings you.
You feel yourself slow down.
You puncture the hornet!
You feel better.
The hornet is almost dead.
You feel sick. You block the hornet's attack. The hornet stings you!
* * * LOW HITPOINT WARNING * * *
You feel as though you will be slow longer.
You hit the hornet but do no damage.
The hornet is almost dead.
You feel sick. The hornet stings you!
You die...

###############
#........)[...#
#.####.######.#
#.####.######.#
#.##..........##
##.##.#.........########
####...............#....)..
#...#.##.#y........#.#####.
#.#.......@........#.# #.
###.######.##........#.# #.
###...## #.##........#.# #.
###...8..#
#.##........#.#####.
#...8888.##
#..#####..###.......
..888..8..# #..#####..#
#.#..... .88....88.##
#.........###.#.####
..8(.#..8..###.....##..##..#.#
#
#.88....88.##....#.##..#...#<#
#


You could see a hornet.

Vanquished Creatures
  3 orc warriors
  4 ice beasts
  A black bear (Temple)
  3 phantoms
  2 ogres (D:6)
  A centaur (D:6)
  4 bullfrogs (D:6)
  2 scorpions (D:6)
  A bullfrog zombie (D:6)
  A centaur zombie (D:5)
  2 orc priests
  A hound (D:6)
  4 orc wizards
  A bullfrog skeleton (D:6)
  A centaur skeleton (D:7)
  An iguana (D:5)
  4 worker ants
  9 adders
  A howler monkey skeleton (D:6)
  4 white imps
  2 ufetubi
  An ooze (D:6)
  An adder zombie (D:5)
  3 adder skeletons
  4 worms
  A dart slug (D:3)
  19 orcs
  2 ball pythons
  4 giant cockroaches
  6 goblins
  5 hobgoblins
  6 jackals
  3 quokkas
  6 bats
  7 frilled lizards
  A jackal skeleton (D:6)
  7 kobolds
  2 leopard gecko skeletons (D:5)
  A leopard gecko zombie (D:5)
  A quokka skeleton (D:6)
  8 rats
140 creatures vanquished.

Vanquished Creatures (others)
  An orc (D:5)
  8 plants
9 creatures vanquished.

Grand Total: 149 creatures vanquished

Notes
Turn   | Place    | Note
-------+----------+-------------------------------------------
     0 | D:1      | jlumianski the Halfling Fighter began the quest for the
                  | Orb.
     0 | D:1      | Reached XP level 1. HP: 15/15 MP: 1/1
   149 | D:1      | Reached XP level 2. HP: 16/20 MP: 2/2
  1105 | D:1      | Reached XP level 3. HP: 24/25 MP: 3/3
  1346 | D:2      | Found a stormy altar of Qazlal.
  1431 | D:2      | Reached XP level 4. HP: 30/30 MP: 4/4
  1458 | D:2      | Reached skill level 1 in Short Blades
  2074 | D:2      | Reached skill level 1 in Throwing
  2534 | D:3      | Reached skill level 1 in Dodging
  2534 | D:3      | Reached XP level 5. HP: 14/36 MP: 5/5
  2549 | D:3      | HP: 1/36 [orc wizard/magic dart (3)]
  3063 | D:3      | Reached skill level 1 in Slings
  3482 | D:4      | Reached XP level 6. HP: 40/42 MP: 6/6
  4167 | D:5      | Entered Level 5 of the Dungeon
  4169 | D:5      | Noticed a phantom
  4380 | D:5      | Reached XP level 7. HP: 46/46 MP: 7/7
  4425 | D:5      | Found Ruraixtanain's Distillery.
  4636 | D:5      | Reached skill level 5 in Shields
  4734 | D:5      | Bought a potion of curing for 45 gold pieces
  4734 | D:5      | Bought a potion of curing for 45 gold pieces
  4734 | D:5      | Bought a potion of heal wounds for 75 gold pieces
  4808 | D:4      | Found Jyraelan's Antique Weapon Shop.
  5621 | D:5      | Reached skill level 5 in Short Blades
  5621 | D:5      | Reached XP level 8. HP: 52/52 MP: 8/8
  6373 | D:6      | Found a staircase to the Ecumenical Temple.
  6402 | Temple   | Entered the Ecumenical Temple
  6418 | Temple   | Became a worshipper of Makhleb the Destroyer
  6461 | D:6      | Found a white marble altar of Elyvilon.
  6461 | D:6      | Found a shimmering blue altar of Sif Muna.
  6461 | D:6      | Found a hazy altar of Hepliaklqana.
  6495 | Temple   | Reached skill level 5 in Armour
  6495 | Temple   | Reached skill level 1 in Stealth
  6830 | D:6      | Found a basalt altar of Yredelemnul.
  6914 | D:6      | Reached skill level 1 in Invocations
  7211 | D:6      | Reached XP level 9. HP: 45/58 MP: 10/10
  7539 | D:6      | Reached skill level 5 in Slings
  7819 | D:6      | Reached * piety under Makhleb
  8376 | D:6      | Identified the Volume of Damage Dealing
  8584 | D:4      | Bought a runed rapier for 140 gold pieces
  8826 | D:7      | Noticed a hornet
  8843 | D:6      | Slain by a hornet

Illustrated notes

Levels and vault maps discovered:
D:1:      roderic_crop_circles_arrival_large, layout_basic,
          minmay_misc_feat_hallway, minmay_tetromino_s4
D:2:      layout_basic, nicolae_overflow_crystal_walls
D:3:      layout_basic, minmay_increasing_density
D:4:      layout_rooms, serial_shops, nicolae_shop_trees
D:5:      layout_basic, serial_shops, shop_statue
D:6:      minmay_skewed_foursquare, layout_basic,
          gammafunk_temple_overflow_forgotten, minmay_temple_entry_sparse_star,
          basic_altar, minmay_checkerbox
D:7:      layout_cave_pods
Temple:   nicolae_temple_elliptical

Skill      XL: |  1  2  3  4  5  6  7  8  9 |
---------------+----------------------------+-----
Short Blades   | 2 3 5 6 |  6.8
Throwing       | 1 |  1.3
Dodging        | 1 2 3 |  3.5
Shields        | 4 5 6 |  6.3
Fighting       | 3 4 |  4.1
Armour         | 4 5 |  5.8
Slings         | 1 2 3 4 5 |  5.3
Stealth        | 2 4 |  4.2
Invocations    | 2 3 |  3.4
Axes           | |  2.4

Action                   |  1- 3 |  4- 6 |  7- 9 || total
-------------------------+-------+-------+-------++-------
Melee: War axe           |    47 |       |       ||    47
       Short sword       |    58 |   286 |   473 ||   817
       Hunting sling     |       |       |     7 ||     7
       Rapier            |       |       |    45 ||    45
 Fire: Hunting sling     |       |    41 |    87 ||   128
Throw: Stone             |    25 |    50 |     4 ||    79
Evoke: Wand              |       |       |     2 ||     2
  Use: Scroll            |     3 |     3 |     4 ||    10
       Potion            |       |     1 |     2 ||     3
Armor: Scale mail        |    44 |   152 |   155 ||   351
Dodge: Dodged            |    35 |   112 |   158 ||   305
       Repelled          |       |       |     4 ||     4
Block: Kite shield       |    55 |   161 |   263 ||   479
